Influenza vs Atomiques
(R2)
Created - 9 mai 2016 at 19:00
Goals
|
| Influenza |
1 |
1 |
1 |
3 |
| Atomiques |
0 |
3 |
1 |
4 |
|
Shots
|
| Influenza |
3 |
19 |
18 |
40 |
| Atomiques |
16 |
19 |
15 |
50 |
|
1st period
1. Influenza , Martins Karsums 4 (Robbie Earl, Ryan Carter) at 15:06 (PP)
Penalties :
Brett Sutter (STB) for Delaying the game (Minor) at 1:23, Ryan Carter (VJB) for Interference (Minor) at 4:30, Brett Sutter (STB) for Interference (Minor) at 15:02, Matt Corrente (VJB) for Hooking (Minor) at 16:14
2nd period
2. Atomiques , Tyler Kennedy 4 (Tyler Brenner, Brad Winchester) at 0:14
3. Atomiques , Kenndal McArdle 1 (Marc-Antoine Pouliot, Shawn Belle) at 2:19
4. Atomiques , John McCarthy 1 (Brett Sutter) at 10:22
5. Influenza , Ryan Carter 4 (Martins Karsums) at 12:51
Penalties :
Zac Dalpe (VJB) for Tripping (Minor) at 7:02, Robbie Earl (VJB) for Interference (Minor) at 7:25
3rd period
6. Atomiques , Ryan Shannon 1 (Victor Hedman, Alexander Sulzer) at 7:57
7. Influenza , Robbie Earl 2 (Martins Karsums, Ryan Carter) at 13:30
Penalties :
Davis Drewiske (STB) for Tripping (Minor) at 11:20
Goalie Stats
Thomas McCollum (VJB), 46 saves from 50 shots - (0,920), L, 0-1-0, 58:56 minutes
Alex Auld (STB), 37 saves from 40 shots - (0,925), W, 2-1-0, 60:00 minutes
Players Stats for Influenza
Player Name G A P +/- PIM S H SB GA TA FO MP PP MP PK MP
------------------------------------------------------------------------------------
Andreas Engqvist 0 0 0 -1 0 2 0 0 0 0 0/2 7:18 0:00 0:00
Ben Smith 0 0 0 -1 0 4 0 1 0 0 0/0 18:10 2:33 1:07
Brian Salcido 0 0 0 -1 0 0 0 2 0 0 0/0 11:45 0:00 0:53
Charlie Coyle 0 0 0 0 0 0 0 0 0 0 0/0 1:15 0:00 1:14
Colin McDonald 0 0 0 0 0 0 0 0 0 0 0/0 0:00 0:00 0:00
Corey Tropp 0 0 0 -1 0 0 0 0 0 1 0/0 7:18 0:00 0:00
Evgeny Grachev 0 0 0 0 0 2 1 0 1 0 4/7 9:30 0:00 0:00
Jamie Benn 0 0 0 -1 0 2 1 0 1 1 0/0 17:36 2:33 0:40
Jeff May 0 0 0 -1 0 1 0 0 0 0 0/0 10:48 0:00 0:11
Jeremy Morin 0 0 0 0 0 1 0 0 0 1 0/0 9:30 0:00 0:00
Jimmy Bonneau 0 0 0 0 0 0 0 0 0 0 0/0 0:00 0:00 0:00
John Klingberg 0 0 0 0 0 0 0 2 0 1 0/0 18:13 1:19 2:18
Jordan Schroeder 0 0 0 0 0 0 0 0 0 0 0/0 0:34 0:00 0:34
Martins Karsums 1 2 3 0 0 6 4 0 0 0 6/9 23:55 1:29 4:07
Mathieu Carle 0 0 0 0 0 2 0 2 0 1 0/0 26:37 2:43 3:51
Matt Corrente 0 0 0 0 2 1 0 0 1 0 0/0 17:30 1:19 1:36
Noah Welch 0 0 0 0 0 4 2 5 0 1 0/0 26:37 2:43 3:51
Oskars Bartulis 0 0 0 -1 0 0 0 0 0 0 0/0 4:22 0:00 0:00
Robbie Earl 1 1 2 0 2 4 2 3 2 0 0/1 22:44 1:29 2:56
Ryan Carter 1 2 3 0 2 8 3 1 0 0 17/31 20:21 1:29 0:25
Ryan Russell 0 0 0 -1 0 1 0 1 0 0 0/0 7:18 0:00 0:00
T.J Brodie 0 0 0 0 0 0 0 0 0 0 0/0 0:00 0:00 0:00
T.J Galiardi 0 0 0 0 0 1 0 0 0 0 0/0 9:30 0:00 0:00
Tim Erixon 0 0 0 -1 0 0 0 0 0 0 0/0 4:22 0:00 0:00
Zac Dalpe 0 0 0 -1 2 1 1 0 0 1 9/14 16:47 2:33 0:00
Players Stats for Atomiques
Player Name G A P +/- PIM S H SB GA TA FO MP PP MP PK MP
------------------------------------------------------------------------------------
Alex Berry 0 0 0 1 0 0 0 0 0 0 0/0 7:37 0:00 0:00
Alexander Sulzer 0 1 1 1 0 2 3 2 0 0 0/0 27:58 4:07 1:44
Andrew Kozek 0 0 0 0 0 1 1 0 0 0 0/1 13:03 0:00 0:21
Anthony Nigro 0 0 0 0 0 0 0 0 0 0 0/0 0:00 0:00 0:00
Brad Winchester 0 1 1 -1 0 8 2 1 1 1 2/3 24:26 3:54 2:07
Brett Sutter 0 1 1 1 4 1 0 1 0 0 2/3 7:41 0:00 0:00
Casey Borer 0 0 0 0 0 0 0 0 0 0 0/0 0:00 0:00 0:00
Clayton Stoner 0 0 0 1 0 2 0 1 0 1 0/0 11:04 0:00 0:00
Davis Drewiske 0 0 0 0 2 0 1 0 0 1 0/0 20:00 2:13 1:21
Drew Larman 0 0 0 0 0 0 0 0 0 0 0/0 0:00 0:00 0:00
John McCarthy 1 0 1 1 0 1 1 0 0 0 0/0 7:37 0:00 0:00
Kenndal McArdle 1 0 1 2 0 1 1 0 0 0 1/2 14:34 2:26 0:00
Kyle Wharton 0 0 0 0 0 1 0 1 0 0 0/0 12:12 0:00 0:57
Mac Bennett 0 0 0 0 0 0 0 0 0 0 0/0 0:00 0:00 0:00
Marc-André Cliche 0 0 0 0 0 7 1 1 0 0 2/4 11:57 0:00 0:29
Marc-Antoine Pouliot 0 1 1 2 0 5 3 0 0 0 6/13 14:34 2:26 0:00
Nick Johnson 0 0 0 0 0 4 0 1 0 0 0/2 12:46 0:02 0:00
Roman Polak 0 0 0 0 0 0 0 0 0 0 0/0 0:00 0:00 0:00
Ryan Shannon 1 0 1 2 0 4 2 0 2 0 2/2 16:08 2:26 1:34
Scott Jackson 0 0 0 0 0 0 0 0 0 0 0/0 0:00 0:00 0:00
Shawn Belle 0 1 1 0 0 2 0 2 0 1 0/0 20:58 2:13 2:18
Trevor Van Riemsdyk 0 0 0 0 0 0 0 0 0 0 0/0 0:00 0:00 0:00
Tyler Brenner 0 1 1 0 0 2 5 0 1 0 11/31 22:22 3:54 1:34
Tyler Kennedy 1 0 1 -1 0 6 1 1 0 0 2/3 23:00 3:52 1:59
Victor Hedman 0 1 1 1 0 3 1 2 3 1 0/0 27:58 4:07 1:44
3 Stars
1 - Martins Karsums (VJB)
2 - Ryan Carter (VJB)
3 - Ryan Shannon (STB)
Power Play
Influenza - 1 on 3 Attempt(s) - 33,33%
Atomiques - 0 on 4 Attempt(s) - 0,00%
Penalty Kill
Influenza - 4 on 4 Attempt(s) - 100,00%
- Score 0 goal in Penalty Kill
Atomiques - 2 on 3 Attempt(s) - 66,67%
- Score 0 goal in Penalty Kill
Team Stat
Influenza - Hits : 14 - Faceoff Wins : 36 - Blocked Shots : 17 - Penalty Minutes : 8
Atomiques - Hits : 22 - Faceoff Wins : 28 - Blocked Shots : 13 - Penalty Minutes : 6
Official
Referees : Rehman Kyle and McCreary Bill
Linesman : Mark Pare and Shane Heyer
Game Notes
No Game Note
Finance
Level 1 -- Attendance: 1683 (84,15%) -- Ticket Income 58 905 $
Level 2 -- Attendance: 911 (91,10%) -- Ticket Income 13 665 $
Total Attendance: 2594 (86,47%)
Total Ticket Income: 72 570 $
Other Income: 3 628 $
Total Income: 76 198 $
Influenza
5 vs 5 Forward
Center Left Wing Right Wing Time % Phy DF OF
1 Ryan Carter Robbie Earl Martins Karsums 40 1 2 2
2 Zac Dalpe Jamie Benn Ben Smith 30 1 2 2
3 Evgeny Grachev T.J Galiardi Jeremy Morin 20 1 2 2
4 Andreas Engqvist Ryan Russell Corey Tropp 10 1 2 2
5 vs 5 Defense
Defense Defense Time % Phy DF OF
1 Noah Welch Mathieu Carle 40 1 2 2
2 John Klingberg Matt Corrente 30 1 2 2
3 Brian Salcido Jeff May 20 1 2 2
4 Oskars Bartulis Tim Erixon 10 1 2 2
PowerPlay Forward
Center Left Wing Right Wing Time % Phy DF OF
1 Ryan Carter Robbie Earl Martins Karsums 60 1 2 2
2 Zac Dalpe Jamie Benn Ben Smith 40 1 2 2
PowerPlay Defense
Defense Defense Time % Phy DF OF
1 Noah Welch Mathieu Carle 60 1 2 2
2 John Klingberg Matt Corrente 40 1 2 2
Penalty Kill 4 Players Forward
Center Wing Time % Phy DF OF
1 Martins Karsums Robbie Earl 60 1 2 2
2 Ryan Carter Ben Smith 40 1 2 2
Penalty Kill 4 Players Defense
Defense Defense Time % Phy DF OF
1 Noah Welch Mathieu Carle 60 1 2 2
2 John Klingberg Matt Corrente 40 1 2 2
Penalty Kill - 3 Players Forward
Forward Time % Phy DF OF
1 Martins Karsums 60 1 2 2
2 Robbie Earl 40 1 2 2
Penalty Kill - 3 Players Defense
Defense Defense Time % Phy DF OF
1 Noah Welch Mathieu Carle 60 1 2 2
2 John Klingberg Matt Corrente 40 1 2 2
4 vs 4 Forward
Center Wing Time % Phy DF OF
1 Martins Karsums Robbie Earl 60 1 2 2
2 Ryan Carter Ben Smith 40 1 2 2
4 vs 4 Defense
Defense Defense Time % Phy DF OF
1 Noah Welch Mathieu Carle 60 1 2 2
2 John Klingberg Matt Corrente 40 1 2 2
Last Minutes Offensive
Center Left Wing Right Wing Defense Defense
Ryan Carter Robbie Earl Martins Karsums Noah Welch Mathieu Carle
Last Minutes Defensive
Center Left Wing Right Wing Defense Defense
Ryan Carter Robbie Earl Martins Karsums Noah Welch Mathieu Carle
Goaltenders
Starting : Thomas McCollum
Backup : Alex Stalock
Extra Forwards
Normal : Colin McDonald, Jordan Schroeder, Charlie Coyle - PP : Colin McDonald, Jordan Schroeder - PK : Charlie Coyle
Extra Defensemen
Normal : T.J Brodie, Brian Salcido, Jeff May - PP : T.J Brodie - PK : Brian Salcido, Jeff May
Penalty Shots
Martins Karsums, Robbie Earl, Ryan Carter, Ben Smith, Jamie Benn
Atomiques
5 vs 5 Forward
Center Left Wing Right Wing Time % Phy DF OF
1 Tyler Brenner Brad Winchester Tyler Kennedy 40 1 2 2
2 Marc-Antoine Pouliot Kenndal McArdle Ryan Shannon 30 1 2 2
3 Marc-André Cliche Andrew Kozek Nick Johnson 20 1 2 2
4 Brett Sutter John McCarthy Alex Berry 10 1 2 2
5 vs 5 Defense
Defense Defense Time % Phy DF OF
1 Alexander Sulzer Victor Hedman 40 1 2 2
2 Shawn Belle Davis Drewiske 30 1 2 2
3 Clayton Stoner Kyle Wharton 20 1 2 2
4 Alexander Sulzer Victor Hedman 10 1 2 2
PowerPlay Forward
Center Left Wing Right Wing Time % Phy DF OF
1 Tyler Brenner Brad Winchester Tyler Kennedy 60 1 2 2
2 Marc-Antoine Pouliot Kenndal McArdle Ryan Shannon 40 1 2 2
PowerPlay Defense
Defense Defense Time % Phy DF OF
1 Alexander Sulzer Victor Hedman 60 1 2 2
2 Shawn Belle Davis Drewiske 40 1 2 2
Penalty Kill 4 Players Forward
Center Wing Time % Phy DF OF
1 Brad Winchester Tyler Kennedy 60 1 2 2
2 Ryan Shannon Tyler Brenner 40 1 2 2
Penalty Kill 4 Players Defense
Defense Defense Time % Phy DF OF
1 Alexander Sulzer Victor Hedman 60 1 2 2
2 Shawn Belle Davis Drewiske 40 1 2 2
Penalty Kill - 3 Players Forward
Forward Time % Phy DF OF
1 Brad Winchester 60 1 2 2
2 Tyler Kennedy 40 1 2 2
Penalty Kill - 3 Players Defense
Defense Defense Time % Phy DF OF
1 Alexander Sulzer Victor Hedman 60 1 2 2
2 Shawn Belle Davis Drewiske 40 1 2 2
4 vs 4 Forward
Center Wing Time % Phy DF OF
1 Brad Winchester Tyler Kennedy 60 1 2 2
2 Ryan Shannon Tyler Brenner 40 1 2 2
4 vs 4 Defense
Defense Defense Time % Phy DF OF
1 Alexander Sulzer Victor Hedman 60 1 2 2
2 Shawn Belle Davis Drewiske 40 1 2 2
Last Minutes Offensive
Center Left Wing Right Wing Defense Defense
Tyler Brenner Brad Winchester Tyler Kennedy Alexander Sulzer Victor Hedman
Last Minutes Defensive
Center Left Wing Right Wing Defense Defense
Tyler Brenner Brad Winchester Tyler Kennedy Alexander Sulzer Victor Hedman
Goaltenders
Starting : Alex Auld
Backup : Sergei Bobrovsky
Extra Forwards
Normal : Nick Johnson, Andrew Kozek, Marc-André Cliche - PP : Nick Johnson, Andrew Kozek - PK : Marc-André Cliche
Extra Defensemen
Normal : Clayton Stoner, Kyle Wharton, Shawn Belle - PP : Clayton Stoner - PK : Kyle Wharton, Shawn Belle
Penalty Shots
Brad Winchester, Tyler Kennedy, Ryan Shannon, Tyler Brenner, Marc-Antoine Pouliot
% Time on Ice - Influenza
Lines # - Real PCT - Wanted PCT - Time Play
Normal Forward
1 - 35% - 40% - 17:05
2 - 30% - 30% - 14:30
3 - 20% - 20% - 9:30
4 - 15% - 10% - 7:18
Normal Defense
1 - 39% - 40% - 18:49
2 - 30% - 30% - 14:36
3 - 22% - 20% - 10:36
4 - 9% - 10% - 4:22
PP Forward
1 - 37% - 60% - 1:29
2 - 63% - 40% - 2:33
PP Defense
1 - 67% - 60% - 2:43
2 - 33% - 40% - 1:19
PK Forward
1 - 76% - 60% - 3:37
2 - 24% - 40% - 1:07
PK Defense
1 - 65% - 60% - 3:04
2 - 35% - 40% - 1:40
PK3 Forward
1 - 67% - 60% - 1:04
2 - 33% - 40% - 0:32
PK3 Defense
1 - 60% - 60% - 0:58
2 - 40% - 40% - 0:38
44 Forward
1 - 0% - 60%
2 - 0% - 40%
44 Defense
1 - 0% - 60%
2 - 0% - 40%
Last Minute Offensive - 1:15
Last Minute Defensive - 0:00
Total
Forward - 60:00
Defense - 60:00
|
% Time on Ice - Atomiques
Lines # - Real PCT - Wanted PCT - Time Play
Normal Forward
1 - 36% - 40% - 17:11
2 - 25% - 30% - 12:15
3 - 23% - 20% - 11:21
4 - 16% - 10% - 7:37
Normal Defense
1 - 39% - 40% - 18:39
2 - 34% - 30% - 16:27
3 - 23% - 20% - 11:04
4 - 5% - 10% - 2:14
PP Forward
1 - 62% - 60% - 3:54
2 - 38% - 40% - 2:26
PP Defense
1 - 65% - 60% - 4:07
2 - 35% - 40% - 2:13
PK Forward
1 - 61% - 60% - 2:28
2 - 39% - 40% - 1:34
PK Defense
1 - 43% - 60% - 1:44
2 - 57% - 40% - 2:18
PK3 Forward
1 - 0% - 60%
2 - 0% - 40%
PK3 Defense
1 - 0% - 60%
2 - 0% - 40%
44 Forward
1 - 0% - 60%
2 - 0% - 40%
44 Defense
1 - 0% - 60%
2 - 0% - 40%
Last Minute Offensive - 0:00
Last Minute Defensive - 1:14
Total
Forward - 60:00
Defense - 60:00
|
Play by Play
1st period
0:01 of 1st period - Tyler Brenner wins face-off versus Ryan Carter in neutral zone.
0:16 of 1st period - Wrist shot by Tyler Kennedy.
0:16 of 1st period - Shot Blocked by Robbie Earl.
0:26 of 1st period - Alexander Sulzer is hit by Zac Dalpe and loses puck.
0:49 of 1st period - John Klingberg is hit by Marc-André Cliche and loses puck.
1:23 of 1st period - Minor Penalty to Brett Sutter for Delaying the game.
1:24 of 1st period - Brad Winchester wins face-off versus Martins Karsums in Atomiques zone.
1:24 of 1st period - Brad Winchester is hit by Ryan Carter.
3:07 of 1st period - Davis Drewiske is hit by Martins Karsums and loses puck.
3:23 of 1st period - Penalty to Brett Sutter is over, Brett Sutter is back on ice.
3:52 of 1st period - Snap shot by Andrew Kozek.
3:52 of 1st period - Shot Misses the Net.
3:54 of 1st period - Slapshot by Kyle Wharton.
3:54 of 1st period - Shot Misses the Net.
3:56 of 1st period - Snap shot by Marc-André Cliche.
3:56 of 1st period - Stopped by Thomas McCollum with a rebound.
4:15 of 1st period - Slapshot by Corey Tropp.
4:15 of 1st period - Shot Misses the Net.
4:17 of 1st period - Slapshot by Matt Corrente.
4:17 of 1st period - Shot Blocked by Brett Sutter.
4:19 of 1st period - Snap shot by Andreas Engqvist.
4:19 of 1st period - Deflect By Corey Tropp.
4:19 of 1st period - Shot Misses the Net.
4:19 of 1st period - Puck is out of play.
4:20 of 1st period - Ryan Carter wins face-off versus Marc-Antoine Pouliot in Atomiques zone.
4:30 of 1st period - Minor Penalty to Ryan Carter for Interference.
4:31 of 1st period - Martins Karsums wins face-off versus Tyler Brenner in Influenza zone.
4:56 of 1st period - Noah Welch is hit by Marc-Antoine Pouliot and loses puck.
5:30 of 1st period - Mathieu Carle is hit by Brad Winchester.
6:30 of 1st period - Penalty to Ryan Carter is over, Ryan Carter is back on ice.
6:33 of 1st period - Off-side.
6:34 of 1st period - Evgeny Grachev wins face-off versus Marc-André Cliche in neutral zone.
9:39 of 1st period - Snap shot by Martins Karsums.
9:39 of 1st period - Stopped by Alex Auld without a rebound.
9:40 of 1st period - Ryan Carter wins face-off versus Marc-André Cliche in Atomiques zone.
10:00 of 1st period - Ryan Carter is hit by Davis Drewiske and loses puck.
10:31 of 1st period - Snap shot by Marc-André Cliche.
10:31 of 1st period - Stopped by Thomas McCollum without a rebound.
10:32 of 1st period - Tyler Kennedy wins face-off versus Zac Dalpe in Influenza zone.
10:37 of 1st period - Snap shot by Tyler Kennedy.
10:37 of 1st period - Shot Misses the Net.
10:39 of 1st period - Snap shot by Tyler Brenner.
10:39 of 1st period - Stopped by Thomas McCollum with a rebound.
10:41 of 1st period - Snap shot by Brad Winchester.
10:41 of 1st period - Deflect By Tyler Kennedy.
10:41 of 1st period - Shot Misses the Net.
10:41 of 1st period - Puck is out of play.
10:42 of 1st period - Tyler Brenner wins face-off versus Zac Dalpe in Influenza zone.
11:01 of 1st period - Slapshot by Ben Smith.
11:01 of 1st period - Shot Hit the Post.
11:07 of 1st period - Tyler Kennedy is hit by Jamie Benn and loses puck.
11:24 of 1st period - Slapshot by Jamie Benn.
11:24 of 1st period - Stopped by Alex Auld with a rebound.
11:42 of 1st period - Off-side.
11:43 of 1st period - Ryan Carter wins face-off versus Marc-Antoine Pouliot in neutral zone.
11:59 of 1st period - Ryan Carter is hit by Victor Hedman and loses puck.
12:21 of 1st period - Slapshot by Victor Hedman.
12:21 of 1st period - Stopped by Thomas McCollum without a rebound.
12:22 of 1st period - Ryan Shannon wins face-off versus Evgeny Grachev in Influenza zone.
12:25 of 1st period - Snap shot by Marc-Antoine Pouliot.
12:25 of 1st period - Shot Misses the Net.
13:10 of 1st period - Noah Welch is hit by Tyler Brenner and loses puck.
13:29 of 1st period - Slapshot by Martins Karsums.
13:29 of 1st period - Shot Misses the Net.
13:54 of 1st period - Snap shot by Marc-Antoine Pouliot.
13:54 of 1st period - Stopped by Thomas McCollum with a rebound.
13:56 of 1st period - Snap shot by Marc-Antoine Pouliot.
13:56 of 1st period - Stopped by Thomas McCollum with a rebound.
14:26 of 1st period - Slapshot by Matt Corrente.
14:26 of 1st period - Shot Misses the Net.
15:02 of 1st period - Minor Penalty to Brett Sutter for Interference.
15:03 of 1st period - Ryan Carter wins face-off versus Brad Winchester in Atomiques zone.
15:06 of 1st period - Wrist shot by Martins Karsums.
15:06 of 1st period - Goal by Martins Karsums - Influenza : 1 - Atomiques : 0.
15:07 of 1st period - Tyler Brenner wins face-off versus Ryan Carter in neutral zone.
15:13 of 1st period - Off-side.
15:14 of 1st period - Tyler Brenner wins face-off versus Ryan Carter in neutral zone.
15:23 of 1st period - Slapshot by Tyler Kennedy.
15:23 of 1st period - Shot Blocked by Noah Welch.
15:52 of 1st period - Snap shot by Brad Winchester.
15:52 of 1st period - Stopped by Thomas McCollum without a rebound.
15:53 of 1st period - Marc-Antoine Pouliot wins face-off versus Zac Dalpe in Influenza zone.
15:56 of 1st period - Snap shot by Kenndal McArdle.
15:56 of 1st period - Shot Misses the Net.
15:58 of 1st period - Wrist shot by Ryan Shannon.
15:58 of 1st period - Stopped by Thomas McCollum with a rebound.
16:00 of 1st period - Slapshot by Marc-Antoine Pouliot.
16:00 of 1st period - Stopped by Thomas McCollum with a rebound.
16:04 of 1st period - Backhand shot by Kenndal McArdle.
16:04 of 1st period - Shot Misses the Net.
16:06 of 1st period - Wrist shot by Kenndal McArdle.
16:06 of 1st period - Shot Misses the Net.
16:08 of 1st period - Snap shot by Marc-Antoine Pouliot.
16:08 of 1st period - Stopped by Thomas McCollum with a rebound.
16:14 of 1st period - Minor Penalty to Matt Corrente for Hooking.
16:15 of 1st period - Brad Winchester wins face-off versus Martins Karsums in Influenza zone.
16:24 of 1st period - Snap shot by Brad Winchester.
16:24 of 1st period - Deflect By Mathieu Carle.
16:24 of 1st period - Shot Misses the Net.
16:24 of 1st period - Puck is out of play.
16:25 of 1st period - Martins Karsums wins face-off versus Tyler Brenner in Influenza zone.
16:43 of 1st period - Snap shot by Tyler Brenner.
16:43 of 1st period - Shot Blocked by Noah Welch.
16:47 of 1st period - Snap shot by Brad Winchester.
16:47 of 1st period - Stopped by Thomas McCollum with a rebound.
16:49 of 1st period - Wrist shot by Tyler Kennedy.
16:49 of 1st period - Shot Misses the Net.
16:51 of 1st period - Slapshot by Tyler Brenner.
16:51 of 1st period - Shot Misses the Net.
16:53 of 1st period - Backhand shot by Tyler Kennedy.
16:53 of 1st period - Stopped by Thomas McCollum with a rebound.
16:55 of 1st period - Slapshot by Alexander Sulzer.
16:55 of 1st period - Deflect By Tyler Brenner.
16:55 of 1st period - Shot Misses the Net.
16:55 of 1st period - Puck is out of play.
16:56 of 1st period - Kenndal McArdle wins face-off versus Martins Karsums in Influenza zone.
17:05 of 1st period - Snap shot by Ryan Shannon.
17:05 of 1st period - Shot Misses the Net.
17:07 of 1st period - Slapshot by Shawn Belle.
17:07 of 1st period - Shot Blocked by Brian Salcido.
17:09 of 1st period - Snap shot by Kenndal McArdle.
17:09 of 1st period - Shot Misses the Net.
17:11 of 1st period - Slapshot by Kenndal McArdle.
17:11 of 1st period - Deflect By Marc-Antoine Pouliot.
17:11 of 1st period - Shot Blocked by Robbie Earl.
17:11 of 1st period - Puck is out of play.
17:12 of 1st period - Martins Karsums wins face-off versus Tyler Brenner in Influenza zone.
17:12 of 1st period - Robbie Earl is hit by Tyler Brenner and loses puck.
17:23 of 1st period - Slapshot by Victor Hedman.
17:23 of 1st period - Stopped by Thomas McCollum with a rebound.
18:14 of 1st period - Penalty to Matt Corrente is over, Matt Corrente is back on ice.
18:22 of 1st period - Snap shot by Andrew Kozek.
18:22 of 1st period - Shot Blocked by Brian Salcido.
18:24 of 1st period - Snap shot by Marc-André Cliche.
18:24 of 1st period - Shot Blocked by Ben Smith.
18:26 of 1st period - Backhand shot by Kyle Wharton.
18:26 of 1st period - Stopped by Thomas McCollum with a rebound.
18:28 of 1st period - Wrist shot by Marc-André Cliche.
18:28 of 1st period - Stopped by Thomas McCollum without a rebound.
18:29 of 1st period - Marc-Antoine Pouliot wins face-off versus Evgeny Grachev in Influenza zone.
18:36 of 1st period - Mathieu Carle is hit by Ryan Shannon and loses puck.
19:19 of 1st period - Snap shot by Brad Winchester.
19:19 of 1st period - Shot Misses the Net.
19:21 of 1st period - Slapshot by Alexander Sulzer.
19:21 of 1st period - Shot Blocked by Mathieu Carle.
19:23 of 1st period - Slapshot by Alexander Sulzer.
19:23 of 1st period - Deflect By Tyler Brenner.
19:23 of 1st period - Shot Misses the Net.
19:23 of 1st period - Puck is out of play.
19:24 of 1st period - Marc-Antoine Pouliot wins face-off versus Ryan Carter in Influenza zone.
19:33 of 1st period - Snap shot by Marc-Antoine Pouliot.
19:33 of 1st period - Stopped by Thomas McCollum with a rebound.
19:56 of 1st period - Snap shot by Tyler Kennedy.
19:56 of 1st period - Shot Misses the Net.
Goals for this period are 1 for Influenza vs 0 for Atomiques.
Shots for this period are 3 for Influenza vs 16 for Atomiques.
2nd period
0:01 of 2nd period - Tyler Brenner wins face-off versus Ryan Carter in neutral zone.
0:04 of 2nd period - Slapshot by Victor Hedman.
0:04 of 2nd period - Deflect By Brad Winchester.
0:04 of 2nd period - Stopped by Thomas McCollum without a rebound.
0:05 of 2nd period - Tyler Brenner wins face-off versus Ryan Carter in Influenza zone.
0:14 of 2nd period - Wrist shot by Tyler Kennedy.
0:14 of 2nd period - Goal by Tyler Kennedy - Influenza : 1 - Atomiques : 1.
0:15 of 2nd period - Ryan Carter wins face-off versus Tyler Brenner in neutral zone.
0:20 of 2nd period - Wrist shot by Robbie Earl.
0:20 of 2nd period - Stopped by Alex Auld with a rebound.
0:22 of 2nd period - Snap shot by Robbie Earl.
0:22 of 2nd period - Shot Misses the Net.
0:26 of 2nd period - Wrist shot by Robbie Earl.
0:26 of 2nd period - Shot Misses the Net.
0:42 of 2nd period - Ben Smith is hit by Marc-Antoine Pouliot and loses puck.
1:06 of 2nd period - Slapshot by Marc-André Cliche.
1:06 of 2nd period - Stopped by Thomas McCollum with a rebound.
1:08 of 2nd period - Slapshot by Alexander Sulzer.
1:08 of 2nd period - Shot Blocked by John Klingberg.
1:12 of 2nd period - Slapshot by Nick Johnson.
1:12 of 2nd period - Deflect By Marc-André Cliche.
1:12 of 2nd period - Stopped by Thomas McCollum with a rebound.
2:19 of 2nd period - Snap shot by Kenndal McArdle.
2:19 of 2nd period - Goal by Kenndal McArdle - Influenza : 1 - Atomiques : 2.
2:20 of 2nd period - Ryan Carter wins face-off versus Tyler Brenner in neutral zone.
2:55 of 2nd period - Icing by Kenndal McArdle.
2:56 of 2nd period - Evgeny Grachev wins face-off versus Marc-Antoine Pouliot in Atomiques zone.
3:11 of 2nd period - Snap shot by T.J Galiardi.
3:11 of 2nd period - Stopped by Alex Auld without a rebound.
3:12 of 2nd period - Tyler Brenner wins face-off versus Ryan Carter in Atomiques zone.
3:17 of 2nd period - Wrist shot by Tyler Kennedy.
3:17 of 2nd period - Shot Blocked by Noah Welch.
3:19 of 2nd period - Slapshot by Victor Hedman.
3:19 of 2nd period - Shot Misses the Net.
3:21 of 2nd period - Slapshot by Victor Hedman.
3:21 of 2nd period - Shot Hit the Post.
3:23 of 2nd period - Wrist shot by Tyler Kennedy.
3:23 of 2nd period - Stopped by Thomas McCollum with a rebound.
3:25 of 2nd period - Snap shot by Alexander Sulzer.
3:25 of 2nd period - Stopped by Thomas McCollum with a rebound.
3:27 of 2nd period - Wrist shot by Tyler Brenner.
3:27 of 2nd period - Shot Blocked by Ryan Carter.
3:37 of 2nd period - Ben Smith is hit by Kenndal McArdle and loses puck.
3:58 of 2nd period - Slapshot by Brett Sutter.
3:58 of 2nd period - Stopped by Thomas McCollum with a rebound.
4:06 of 2nd period - Wrist shot by John McCarthy.
4:06 of 2nd period - Shot Misses the Net.
4:08 of 2nd period - Wrist shot by John McCarthy.
4:08 of 2nd period - Shot Misses the Net.
4:22 of 2nd period - Snap shot by Marc-André Cliche.
4:22 of 2nd period - Stopped by Thomas McCollum with a rebound.
4:24 of 2nd period - Slapshot by Marc-André Cliche.
4:24 of 2nd period - Shot Misses the Net.
4:26 of 2nd period - Wrist shot by Andrew Kozek.
4:26 of 2nd period - Shot Blocked by John Klingberg.
4:28 of 2nd period - Snap shot by Nick Johnson.
4:28 of 2nd period - Shot Misses the Net.
4:49 of 2nd period - Off-side.
4:50 of 2nd period - Ryan Carter wins face-off versus Tyler Brenner in neutral zone.
4:53 of 2nd period - Slapshot by Mathieu Carle.
4:53 of 2nd period - Shot Misses the Net.
5:34 of 2nd period - Off-side.
5:35 of 2nd period - Zac Dalpe wins face-off versus Kenndal McArdle in neutral zone.
5:43 of 2nd period - Slapshot by Zac Dalpe.
5:43 of 2nd period - Stopped by Alex Auld with a rebound.
5:45 of 2nd period - Slapshot by Noah Welch.
5:45 of 2nd period - Stopped by Alex Auld with a rebound.
5:47 of 2nd period - Slapshot by Noah Welch.
5:47 of 2nd period - Deflect By Ben Smith.
5:47 of 2nd period - Stopped by Alex Auld with a rebound.
5:49 of 2nd period - Snap shot by Zac Dalpe.
5:49 of 2nd period - Shot Misses the Net.
5:51 of 2nd period - Wrist shot by Jamie Benn.
5:51 of 2nd period - Shot Misses the Net.
6:12 of 2nd period - Wrist shot by Marc-André Cliche.
6:12 of 2nd period - Deflect By Nick Johnson.
6:12 of 2nd period - Stopped by Thomas McCollum without a rebound.
6:13 of 2nd period - Zac Dalpe wins face-off versus Brett Sutter in Influenza zone.
6:20 of 2nd period - Slapshot by Victor Hedman.
6:20 of 2nd period - Deflect By Zac Dalpe.
6:20 of 2nd period - Stopped by Thomas McCollum without a rebound.
6:21 of 2nd period - Brett Sutter wins face-off versus Zac Dalpe in Influenza zone.
6:34 of 2nd period - Jeff May is hit by Alexander Sulzer and loses puck.
7:02 of 2nd period - Minor Penalty to Zac Dalpe for Tripping.
7:03 of 2nd period - Martins Karsums wins face-off versus Tyler Brenner in Influenza zone.
7:25 of 2nd period - Minor Penalty to Robbie Earl for Interference.
7:26 of 2nd period - Martins Karsums wins face-off versus Tyler Brenner in Influenza zone.
7:39 of 2nd period - Wrist shot by Brad Winchester.
7:39 of 2nd period - Stopped by Thomas McCollum without a rebound.
7:40 of 2nd period - Martins Karsums wins face-off versus Tyler Brenner in Influenza zone.
7:40 of 2nd period - Martins Karsums is hit by Tyler Brenner.
8:32 of 2nd period - John Klingberg is hit by Tyler Brenner and loses puck.
9:02 of 2nd period - Penalty to Zac Dalpe is over, Zac Dalpe is back on ice.
9:25 of 2nd period - Penalty to Robbie Earl is over, Robbie Earl is back on ice.
9:41 of 2nd period - Snap shot by Jeremy Morin.
9:41 of 2nd period - Stopped by Alex Auld with a rebound.
9:43 of 2nd period - Wrist shot by Jeremy Morin.
9:43 of 2nd period - Shot Misses the Net.
9:45 of 2nd period - Wrist shot by Mathieu Carle.
9:45 of 2nd period - Shot Blocked by Kyle Wharton.
9:47 of 2nd period - Wrist shot by Evgeny Grachev.
9:47 of 2nd period - Shot Blocked by Nick Johnson.
9:57 of 2nd period - Snap shot by Andreas Engqvist.
9:57 of 2nd period - Stopped by Alex Auld with a rebound.
9:59 of 2nd period - Snap shot by Andreas Engqvist.
9:59 of 2nd period - Stopped by Alex Auld without a rebound.
10:00 of 2nd period - Brett Sutter wins face-off versus Andreas Engqvist in Atomiques zone.
10:05 of 2nd period - Wrist shot by Ryan Russell.
10:05 of 2nd period - Shot Misses the Net.
10:13 of 2nd period - Tim Erixon is hit by John McCarthy and loses puck.
10:20 of 2nd period - Wrist shot by John McCarthy.
10:20 of 2nd period - Shot Misses the Net.
10:22 of 2nd period - Wrist shot by John McCarthy.
10:22 of 2nd period - Goal by John McCarthy - Influenza : 1 - Atomiques : 3.
10:23 of 2nd period - Tyler Brenner wins face-off versus Ryan Carter in neutral zone.
10:29 of 2nd period - Off-side.
10:30 of 2nd period - Tyler Brenner wins face-off versus Ryan Carter in neutral zone.
11:20 of 2nd period - Icing by Marc-André Cliche.
11:21 of 2nd period - Marc-André Cliche wins face-off versus Andreas Engqvist in Atomiques zone.
11:42 of 2nd period - Snap shot by Marc-André Cliche.
11:42 of 2nd period - Shot Blocked by Robbie Earl.
12:13 of 2nd period - Snap shot by Nick Johnson.
12:13 of 2nd period - Stopped by Thomas McCollum with a rebound.
12:25 of 2nd period - Slapshot by Andrew Kozek.
12:25 of 2nd period - Stopped by Thomas McCollum with a rebound.
12:35 of 2nd period - Snap shot by Nick Johnson.
12:35 of 2nd period - Stopped by Thomas McCollum without a rebound.
12:36 of 2nd period - Ryan Carter wins face-off versus Tyler Brenner in Influenza zone.
12:43 of 2nd period - Slapshot by Mathieu Carle.
12:43 of 2nd period - Deflect By Martins Karsums.
12:43 of 2nd period - Stopped by Alex Auld without a rebound.
12:44 of 2nd period - Ryan Carter wins face-off versus Tyler Brenner in Atomiques zone.
12:45 of 2nd period - Wrist shot by Martins Karsums.
12:45 of 2nd period - Shot Misses the Net.
12:49 of 2nd period - Snap shot by Ryan Carter.
12:49 of 2nd period - Stopped by Alex Auld with a rebound.
12:51 of 2nd period - Slapshot by Ryan Carter.
12:51 of 2nd period - Goal by Ryan Carter - Influenza : 2 - Atomiques : 3.
12:52 of 2nd period - Tyler Brenner wins face-off versus Robbie Earl in neutral zone.
13:04 of 2nd period - Snap shot by Robbie Earl.
13:04 of 2nd period - Stopped by Alex Auld with a rebound.
13:06 of 2nd period - Wrist shot by Ryan Carter.
13:06 of 2nd period - Stopped by Alex Auld with a rebound.
13:08 of 2nd period - Slapshot by Mathieu Carle.
13:08 of 2nd period - Stopped by Alex Auld with a rebound.
13:15 of 2nd period - Icing by Brad Winchester.
13:16 of 2nd period - Marc-Antoine Pouliot wins face-off versus Evgeny Grachev in Atomiques zone.
13:47 of 2nd period - Wrist shot by Tyler Kennedy.
13:47 of 2nd period - Stopped by Thomas McCollum with a rebound.
13:49 of 2nd period - Wrist shot by Brad Winchester.
13:49 of 2nd period - Stopped by Thomas McCollum without a rebound.
13:50 of 2nd period - Ryan Carter wins face-off versus Marc-Antoine Pouliot in Influenza zone.
13:50 of 2nd period - Ryan Carter is hit by Alexander Sulzer.
14:47 of 2nd period - Snap shot by Evgeny Grachev.
14:47 of 2nd period - Stopped by Alex Auld without a rebound.
14:48 of 2nd period - Ryan Carter wins face-off versus Tyler Brenner in Atomiques zone.
15:01 of 2nd period - Slapshot by Robbie Earl.
15:01 of 2nd period - Shot Blocked by Clayton Stoner.
15:07 of 2nd period - Robbie Earl is hit by Tyler Kennedy and loses puck.
15:18 of 2nd period - Snap shot by Jamie Benn.
15:18 of 2nd period - Shot Misses the Net.
15:20 of 2nd period - Backhand shot by Ben Smith.
15:20 of 2nd period - Stopped by Alex Auld with a rebound.
15:22 of 2nd period - Snap shot by Jamie Benn.
15:22 of 2nd period - Shot Misses the Net.
15:24 of 2nd period - Snap shot by Jeff May.
15:24 of 2nd period - Deflect By Kyle Wharton.
15:24 of 2nd period - Stopped by Alex Auld with a rebound.
15:26 of 2nd period - Snap shot by Ben Smith.
15:26 of 2nd period - Stopped by Alex Auld without a rebound.
15:27 of 2nd period - Evgeny Grachev wins face-off versus Marc-Antoine Pouliot in Atomiques zone.
15:27 of 2nd period - Evgeny Grachev is hit by Alexander Sulzer.
15:42 of 2nd period - Snap shot by Marc-Antoine Pouliot.
15:42 of 2nd period - Shot Misses the Net.
15:54 of 2nd period - Robbie Earl is hit by Brad Winchester.
16:18 of 2nd period - Slapshot by Victor Hedman.
16:18 of 2nd period - Shot Blocked by Noah Welch.
16:26 of 2nd period - Slapshot by Victor Hedman.
16:26 of 2nd period - Shot Blocked by Noah Welch.
16:56 of 2nd period - Noah Welch is hit by Ryan Shannon and loses puck.
17:43 of 2nd period - Wrist shot by Ryan Carter.
17:43 of 2nd period - Shot Misses the Net.
17:45 of 2nd period - Snap shot by Ryan Carter.
17:45 of 2nd period - Stopped by Alex Auld with a rebound.
17:47 of 2nd period - Snap shot by Martins Karsums.
17:47 of 2nd period - Shot Misses the Net.
17:49 of 2nd period - Slapshot by Brian Salcido.
17:49 of 2nd period - Shot Blocked by Marc-André Cliche.
18:20 of 2nd period - Backhand shot by Ryan Shannon.
18:20 of 2nd period - Stopped by Thomas McCollum with a rebound.
18:58 of 2nd period - Mathieu Carle is hit by Andrew Kozek and loses puck.
19:20 of 2nd period - Matt Corrente is hit by Marc-Antoine Pouliot.
19:28 of 2nd period - Off-side.
19:29 of 2nd period - Tyler Brenner wins face-off versus Ryan Carter in neutral zone.
19:29 of 2nd period - Tyler Brenner is hit by Martins Karsums.
Goals for this period are 1 for Influenza vs 3 for Atomiques.
Shots for this period are 19 for Influenza vs 19 for Atomiques.
3rd period
0:01 of 3rd period - Ryan Carter wins face-off versus Tyler Brenner in neutral zone.
0:04 of 3rd period - Snap shot by Mathieu Carle.
0:04 of 3rd period - Shot Blocked by Brad Winchester.
0:07 of 3rd period - Icing by Alexander Sulzer.
0:08 of 3rd period - Tyler Kennedy wins face-off versus Ryan Carter in Atomiques zone.
0:35 of 3rd period - Wrist shot by Marc-André Cliche.
0:35 of 3rd period - Stopped by Thomas McCollum with a rebound.
0:47 of 3rd period - Slapshot by Ryan Carter.
0:47 of 3rd period - Stopped by Alex Auld with a rebound.
0:49 of 3rd period - Wrist shot by Ryan Carter.
0:49 of 3rd period - Shot Misses the Net.
0:51 of 3rd period - Backhand shot by Noah Welch.
0:51 of 3rd period - Deflect By Ryan Carter.
0:51 of 3rd period - Stopped by Alex Auld without a rebound.
0:52 of 3rd period - Zac Dalpe wins face-off versus Tyler Brenner in Atomiques zone.
1:03 of 3rd period - Snap shot by Ben Smith.
1:03 of 3rd period - Stopped by Alex Auld with a rebound.
1:05 of 3rd period - Slapshot by Matt Corrente.
1:05 of 3rd period - Shot Blocked by Tyler Kennedy.
1:07 of 3rd period - Slapshot by Matt Corrente.
1:07 of 3rd period - Stopped by Alex Auld with a rebound.
1:22 of 3rd period - Shawn Belle is hit by Evgeny Grachev and loses puck.
2:17 of 3rd period - Robbie Earl is hit by Tyler Brenner and loses puck.
2:22 of 3rd period - Snap shot by Tyler Kennedy.
2:22 of 3rd period - Stopped by Thomas McCollum with a rebound.
2:24 of 3rd period - Slapshot by Clayton Stoner.
2:24 of 3rd period - Shot Blocked by Mathieu Carle.
2:26 of 3rd period - Slapshot by Clayton Stoner.
2:26 of 3rd period - Stopped by Thomas McCollum with a rebound.
2:28 of 3rd period - Slapshot by Clayton Stoner.
2:28 of 3rd period - Stopped by Thomas McCollum without a rebound.
2:29 of 3rd period - Zac Dalpe wins face-off versus Marc-Antoine Pouliot in Influenza zone.
2:54 of 3rd period - Clayton Stoner is hit by Robbie Earl and loses puck.
3:05 of 3rd period - Wrist shot by Martins Karsums.
3:05 of 3rd period - Shot Misses the Net.
3:07 of 3rd period - Snap shot by Martins Karsums.
3:07 of 3rd period - Shot Misses the Net.
4:43 of 3rd period - Snap shot by Nick Johnson.
4:43 of 3rd period - Stopped by Thomas McCollum without a rebound.
4:44 of 3rd period - Marc-André Cliche wins face-off versus Ryan Carter in Influenza zone.
5:05 of 3rd period - Alexander Sulzer is hit by Ryan Carter and loses puck.
5:38 of 3rd period - Slapshot by Alexander Sulzer.
5:38 of 3rd period - Stopped by Thomas McCollum without a rebound.
5:39 of 3rd period - Zac Dalpe wins face-off versus Tyler Brenner in Influenza zone.
6:04 of 3rd period - Ryan Shannon is hit by Robbie Earl and loses puck.
6:38 of 3rd period - Slapshot by Jeremy Morin.
6:38 of 3rd period - Shot Misses the Net.
6:56 of 3rd period - Wrist shot by Ryan Russell.
6:56 of 3rd period - Stopped by Alex Auld without a rebound.
6:57 of 3rd period - Ryan Carter wins face-off versus Tyler Brenner in Atomiques zone.
7:10 of 3rd period - Snap shot by Brad Winchester.
7:10 of 3rd period - Deflect By Ryan Carter.
7:10 of 3rd period - Stopped by Thomas McCollum with a rebound.
7:19 of 3rd period - Icing by Alexander Sulzer.
7:20 of 3rd period - Zac Dalpe wins face-off versus Tyler Brenner in Atomiques zone.
7:57 of 3rd period - Snap shot by Ryan Shannon.
7:57 of 3rd period - Goal by Ryan Shannon - Influenza : 2 - Atomiques : 4.
7:58 of 3rd period - Ryan Carter wins face-off versus Tyler Brenner in neutral zone.
8:03 of 3rd period - Snap shot by Martins Karsums.
8:03 of 3rd period - Shot Misses the Net.
8:12 of 3rd period - Icing by Tyler Brenner.
8:13 of 3rd period - Zac Dalpe wins face-off versus Tyler Brenner in Atomiques zone.
8:24 of 3rd period - Snap shot by Ben Smith.
8:24 of 3rd period - Shot Misses the Net.
8:56 of 3rd period - Snap shot by Brad Winchester.
8:56 of 3rd period - Stopped by Thomas McCollum with a rebound.
8:58 of 3rd period - Slapshot by Davis Drewiske.
8:58 of 3rd period - Shot Misses the Net.
9:16 of 3rd period - Snap shot by Tyler Kennedy.
9:16 of 3rd period - Stopped by Thomas McCollum without a rebound.
9:17 of 3rd period - Ryan Carter wins face-off versus Marc-Antoine Pouliot in Influenza zone.
10:02 of 3rd period - Nick Johnson is hit by Martins Karsums.
10:05 of 3rd period - Victor Hedman is hit by Ryan Carter.
11:20 of 3rd period - Minor Penalty to Davis Drewiske for Tripping.
11:21 of 3rd period - Zac Dalpe wins face-off versus Tyler Kennedy in Atomiques zone.
11:24 of 3rd period - Slapshot by Zac Dalpe.
11:24 of 3rd period - Shot Misses the Net.
11:46 of 3rd period - Tyler Kennedy is hit by Noah Welch and loses puck.
12:15 of 3rd period - Snap shot by Tyler Brenner.
12:15 of 3rd period - Stopped by Thomas McCollum without a rebound.
12:16 of 3rd period - Ryan Shannon wins face-off versus Zac Dalpe in Influenza zone.
12:21 of 3rd period - Slapshot by Shawn Belle.
12:21 of 3rd period - Stopped by Thomas McCollum with a rebound.
12:23 of 3rd period - Wrist shot by Ryan Shannon.
12:23 of 3rd period - Stopped by Thomas McCollum with a rebound.
13:20 of 3rd period - Penalty to Davis Drewiske is over, Davis Drewiske is back on ice.
13:28 of 3rd period - Slapshot by Martins Karsums.
13:28 of 3rd period - Shot Blocked by Shawn Belle.
13:30 of 3rd period - Snap shot by Robbie Earl.
13:30 of 3rd period - Goal by Robbie Earl - Influenza : 3 - Atomiques : 4.
13:31 of 3rd period - Marc-Antoine Pouliot wins face-off versus Ryan Carter in neutral zone.
14:08 of 3rd period - Snap shot by Ryan Russell.
14:08 of 3rd period - Shot Blocked by Alexander Sulzer.
14:25 of 3rd period - Slapshot by Evgeny Grachev.
14:25 of 3rd period - Shot Blocked by Shawn Belle.
14:27 of 3rd period - Slapshot by Evgeny Grachev.
14:27 of 3rd period - Stopped by Alex Auld with a rebound.
14:41 of 3rd period - Snap shot by Marc-André Cliche.
14:41 of 3rd period - Shot Misses the Net.
14:43 of 3rd period - Backhand shot by Marc-André Cliche.
14:43 of 3rd period - Deflect By Andrew Kozek.
14:43 of 3rd period - Shot Misses the Net.
14:43 of 3rd period - Puck is out of play.
14:44 of 3rd period - Zac Dalpe wins face-off versus Tyler Brenner in Influenza zone.
14:49 of 3rd period - Tyler Kennedy is hit by Noah Welch and loses puck.
14:54 of 3rd period - Wrist shot by Ben Smith.
14:54 of 3rd period - Shot Misses the Net.
14:56 of 3rd period - Wrist shot by Jamie Benn.
14:56 of 3rd period - Stopped by Alex Auld with a rebound.
14:58 of 3rd period - Snap shot by Zac Dalpe.
14:58 of 3rd period - Shot Misses the Net.
15:00 of 3rd period - Wrist shot by Mathieu Carle.
15:00 of 3rd period - Deflect By Kyle Wharton.
15:00 of 3rd period - Stopped by Alex Auld with a rebound.
15:21 of 3rd period - Slapshot by Robbie Earl.
15:21 of 3rd period - Shot Misses the Net.
15:23 of 3rd period - Slapshot by Noah Welch.
15:23 of 3rd period - Stopped by Alex Auld with a rebound.
15:40 of 3rd period - Snap shot by Brad Winchester.
15:40 of 3rd period - Shot Blocked by Ryan Russell.
15:42 of 3rd period - Slapshot by Shawn Belle.
15:42 of 3rd period - Stopped by Thomas McCollum with a rebound.
15:48 of 3rd period - Snap shot by Tyler Brenner.
15:48 of 3rd period - Shot Misses the Net.
16:14 of 3rd period - Slapshot by Matt Corrente.
16:14 of 3rd period - Shot Misses the Net.
16:34 of 3rd period - Snap shot by Brad Winchester.
16:34 of 3rd period - Stopped by Thomas McCollum with a rebound.
16:36 of 3rd period - Slapshot by Shawn Belle.
16:36 of 3rd period - Deflect By Brad Winchester.
16:36 of 3rd period - Shot Misses the Net.
16:36 of 3rd period - Puck is out of play.
16:37 of 3rd period - Evgeny Grachev wins face-off versus Andrew Kozek in Influenza zone.
17:07 of 3rd period - Snap shot by Martins Karsums.
17:07 of 3rd period - Stopped by Alex Auld without a rebound.
17:08 of 3rd period - Marc-Antoine Pouliot wins face-off versus Ryan Carter in Atomiques zone.
17:08 of 3rd period - Marc-Antoine Pouliot is hit by Martins Karsums.
18:56 of 3rd period - Influenza, Thomas McCollum is pulled from the net.
18:58 of 3rd period - Wrist shot by Ryan Carter.
18:58 of 3rd period - Shot Hit the Post.
19:00 of 3rd period - Wrist shot by Robbie Earl.
19:00 of 3rd period - Stopped by Alex Auld without a rebound.
19:01 of 3rd period - Joel Quenneville call a timeout for Influenza.
19:01 of 3rd period - Ryan Carter wins face-off versus Nick Johnson in Atomiques zone.
19:02 of 3rd period - Snap shot by Robbie Earl.
19:02 of 3rd period - Shot Misses the Net.
19:04 of 3rd period - Wrist shot by Noah Welch.
19:04 of 3rd period - Stopped by Alex Auld with a rebound.
19:06 of 3rd period - Slapshot by Ryan Carter.
19:06 of 3rd period - Shot Blocked by Victor Hedman.
19:08 of 3rd period - Wrist shot by Noah Welch.
19:08 of 3rd period - Shot Blocked by Victor Hedman.
19:18 of 3rd period - Slapshot by Martins Karsums.
19:18 of 3rd period - Stopped by Alex Auld with a rebound.
19:20 of 3rd period - Snap shot by Mathieu Carle.
19:20 of 3rd period - Shot Blocked by Alexander Sulzer.
19:22 of 3rd period - Snap shot by Martins Karsums.
19:22 of 3rd period - Stopped by Alex Auld with a rebound.
19:24 of 3rd period - Wrist shot by Martins Karsums.
19:24 of 3rd period - Shot Misses the Net.
19:26 of 3rd period - Slapshot by Ryan Carter.
19:26 of 3rd period - Stopped by Alex Auld with a rebound.
19:28 of 3rd period - Snap shot by Ryan Carter.
19:28 of 3rd period - Stopped by Alex Auld with a rebound.
19:30 of 3rd period - Slapshot by Noah Welch.
19:30 of 3rd period - Stopped by Alex Auld without a rebound.
19:31 of 3rd period - Ryan Carter wins face-off versus Nick Johnson in Atomiques zone.
Goals for this period are 1 for Influenza vs 1 for Atomiques.
Shots for this period are 18 for Influenza vs 15 for Atomiques.
Back to the Top